Match 44963211
Unlisted

Match 44963211
End
Kradschützen Motorcycle Team
Selects Italian Infantry
Panzerpioneer Squad
250 Light Carrier
Panzerpioneer Squad
Construct Light Support Kompanie
Panzerjäger Squad
Selects Defensive Operations
Fire Support Elements
Construct Panzerarmee Kommand
Panzer III L Medium Tank
Panzer III L Medium Tank
Selects Prepared Positions
Pak 38 Mechanized Group
Combat Half-tracks
Selects Guastatori Squad
Guastatori Squad
Vehicle Survival Package
Panzer III L Medium Tank
S1L
SgtSlaughter
StormShadow
Jimmy
MaximMilian
CnoHcop_KBH
Nikki05
ese_oso_peligroso
0
0

Comments sign in to comment!

No comments posted yet!